 Dungeon Crawl Stone Soup version 0.19-a0-994-g3c636f0 (webtiles) character file.

1667 MrRokkomies the Slasher (level 8, -1/65 HPs)
             Began as a Vampire Skald on July 15, 2016.
             Was a Follower of Dithmenos.
             Slain by an orc warrior
             ... wielding a +0 trident
              (15 damage)
             ... on level 6 of the Dungeon.
             The game lasted 00:18:52 (10380 turns).

MrRokkomies the Slasher (Vampire Skald)            Turns: 10380, Time: 00:18:53

Health: -1/65      AC:  6    Str: 17    XL:     8   Next: 69%
Magic:  11/11      EV: 11    Int: 16    God:    Dithmenos [*.....]
Gold:   303        SH:  0    Dex: 13    Spells: 5 memorised, 1 level left

rFire  . . .     SeeInvis +     a - +1 scimitar
rCold  . . .     Gourm    .     t - +0 ring mail
rNeg   + . .     Faith    .     (no shield)
rPois  .         Spirit   .     k - +0 hat
rElec  .         Dismiss  .     (no cloak)
rCorr  +         Reflect  .     r - +0 pair of gloves
SustAt .         Harm     .     (no boots)
MR     .....                    (no amulet)
Stlth  ++........               n - ring of stealth
                                i - ring of resist corrosion

@: mighty, wreathed by umbra, repel missiles, not resistant to hostile
enchantments, unstealthy
A: fangs 3, see invisible, unbreathing
a: Bat Form, Renounce Religion


You were on level 6 of the Dungeon.
You worshipped Dithmenos.
Dithmenos was aware of your devotion.
You were not thirsty.

You visited 1 branch of the dungeon, and saw 6 of its levels.

You collected 303 gold pieces.

Inventory:

Hand Weapons
 a - a +1 scimitar (weapon)
 b - a +0 shortbow
Missiles
 p - 68 arrows
Armour
 k - a +0 hat (worn)
 m - a +0 helmet
 r - a +0 pair of gloves (worn)
 t - a +0 ring mail (worn)
Jewellery
 i - a ring of resist corrosion (left hand)
 n - a ring of stealth (right hand)
Wands
 w - a wand of iceblast (7/15)
Scrolls
 e - 9 scrolls of remove curse
 q - a scroll of fog
Potions
 d - a potion of berserk rage
 g - a potion of might
 h - 2 potions of brilliance
 j - 3 potions of curing
 l - a potion of magic {unknown}
 o - 2 potions of agility {unknown}
 s - 4 potions of degeneration {unknown}
 u - a potion of cancellation {unknown}
 x - a potion of resistance {unknown}
Books
 c - a book of Battle

   Spells                             Type                      Level
   a - Infusion                       Charms                       1
   b - Shroud of Golubria             Charms/Translocation         2
   c - Song of Slaying                Charms                       2
   d - Spectral Weapon                Hexes/Charms                 3
   e - Regeneration                   Charms/Necromancy            3
 v - a book of Air

   Spells                             Type                      Level
   a - Shock                          Conjuration/Air              1
   b - Swiftness                      Charms/Air                   2
   c - Repel Missiles                 Charms/Air                   2
   d - Static Discharge               Conjuration/Air              3
   e - Lightning Bolt                 Conjuration/Air              5


   Skills:
 - Level 6.3 Fighting
 * Level 7.8 Long Blades
 - Level 0.7 Armour
 - Level 1.1 Dodging
 - Level 2.0 Spellcasting
 - Level 3.0 Hexes
 * Level 5.5 Charms


You had one spell level left.
You knew the following spells:

 Your Spells              Type           Power        Failure   Level  Hunger
a - Infusion              Chrm           ###.         4%          1    #......
b - Shroud of Golubria    Chrm/Tloc      ##........   21%         2    ###....
c - Spectral Weapon       Hex/Chrm       ###.....     21%         3    ###....
d - Song of Slaying       Chrm           ###.....     8%          2    ###....
e - Repel Missiles        Chrm/Air       ##....       21%         2    ###....


Dungeon Overview and Level Annotations

Branches:
Dungeon (6/15)
 Temple: D:4-7

Altars:
Dithmenos
Elyvilon
Fedhas
Gozag
Okawaru
Pakellas
Sif Muna
Uskayaw

Annotations:
D:4 Bastard's ghost, novice FoFi


Innate Abilities, Weirdness & Mutations

You have razor-sharp teeth.
You have supernaturally acute eyesight. (SInv)
You can survive without breathing.


Message History

You closely miss the orc warrior.
The orc wizard gestures wildly while chanting.
The orc wizard blinks!
The orc warrior barely misses you.
You closely miss the orc warrior.
The orc warrior is lightly wounded.
The orc warrior closely misses you.
You riposte.
You barely miss the orc warrior. The orc warrior misses you.
You barely miss the orc warrior.
The orc warrior is lightly wounded.
The orc warrior misses you.
You closely miss the orc warrior.
The orc warrior is lightly wounded.
The orc warrior hits you with a battleaxe!
The orc warrior hits you with a trident!
* * * LOW HITPOINT WARNING * * *
You feel better.
The orc warrior hits you with a battleaxe!
* * * LOW HITPOINT WARNING * * *
The orc warrior hits you with a trident!
You die...

....................
##............#..##.#
.............#.....# ##
#.....##.....#.....#
##...#.##.....##.....#.....#
......##.....##.....#.....#
##...#.# #.# #.....#.....#
#......# #)# #.....####..#
#......####@#############..#
##.......oooo#..............#
#.......#o##.#...............
#.....[.#.##.##..##.##.......
#........o(..................
#.........(#.#...####........
#.###....o.#.#...............
# #..$_o.#.#..#............
#....o...#..#.....######.


You could see 2 orc warriors, 2 orc wizards and an orc.

Vanquished Creatures
  Edmund (D:6)
  A water moccasin (D:5)
  Duvessa (D:6)
  An ice beast (D:6)
  A phantom (D:5)
  An ogre (D:5)
  Blork the orc (D:4)
  A giant frog (D:6)
  Dowan (D:6)
  2 scorpions
  A howler monkey (D:6)
  4 crimson imps
  2 hounds
  A centaur zombie (D:6)
  5 orc wizards
  2 worker ants (D:5)
  2 hound skeletons
  6 gnolls
  4 river rats (D:5)
  7 adders
  2 oozes
  2 adder skeletons (D:4)
  3 worms
  5 dart slugs
  5 giant geckos
  20 orcs
  2 ball pythons
  7 giant cockroaches
  10 goblins
  7 hobgoblins
  15 jackals
  5 quokkas
  6 bats
  6 giant newts
  8 kobolds
  8 rats
156 creatures vanquished.

Vanquished Creatures (others)
  A yak (D:2)
  2 plants (D:5)
3 creatures vanquished.

Grand Total: 159 creatures vanquished

Notes
Turn   | Place    | Note
-------+----------+-------------------------------------------
     0 | D:1      | MrRokkomies the Vampire Skald began the quest for the Orb.
     0 | D:1      | Reached XP level 1. HP: 16/16 MP: 3/3
   409 | D:1      | Reached XP level 2. HP: 17/22 MP: 5/5
  1340 | D:1      | Reached XP level 3. HP: 21/27 MP: 6/6
  1595 | D:2      | Killed a yak
  1644 | D:2      | Learned a level 2 spell: Shroud of Golubria
  1648 | D:2      | Learned a level 3 spell: Spectral Weapon
  2216 | D:2      | Reached skill level 3 in Long Blades
  2797 | D:2      | Reached XP level 4. HP: 34/34 MP: 7/7
  2982 | D:2      | Found an oddly glowing altar of Pakellas.
  2982 | D:2      | Noticed an orange crystal statue
  4127 | D:3      | Found a deep blue altar of Sif Muna.
  4675 | D:2      | Reached XP level 5. HP: 32/41 MP: 8/8
  4819 | D:3      | Learned a level 2 spell: Song of Slaying
  4832 | D:4      | Noticed Blork the orc
  4847 | D:4      | Killed Blork the orc
  4847 | D:4      | Reached skill level 4 in Long Blades
  4847 | D:4      | Reached skill level 1 in Hexes
  5369 | D:4      | Reached XP level 6. HP: 32/47 MP: 9/9
  5519 | D:4      | Noticed Bastard's ghost (novice FoFi)
  5543 | D:5      | Entered Level 5 of the Dungeon
  5543 | D:5      | Found an opulent altar of Gozag.
  6029 | D:5      | Found an oddly glowing altar of Pakellas.
  6296 | D:5      | Noticed a water moccasin
  6461 | D:5      | Reached skill level 5 in Long Blades
  6700 | D:5      | Found a blossoming altar of Fedhas.
  6744 | D:5      | Killed a water moccasin
  6744 | D:5      | Reached XP level 7. HP: 33/55 MP: 3/10
  6815 | D:5      | Reached skill level 5 in Fighting
  7716 | D:5      | Reached skill level 6 in Long Blades
  7946 | D:5      | Found an iron altar of Okawaru.
  7947 | D:5      | Found a shadowy altar of Dithmenos.
  7948 | D:5      | Found a hide-covered altar of Uskayaw.
  7950 | D:5      | Became a worshipper of Dithmenos the Shadowed
  8498 | D:5      | Reached XP level 8. HP: 37/64 MP: 11/11
  8801 | D:4      | Learned a level 2 spell: Repel Missiles
  9008 | D:6      | Noticed Dowan
  9021 | D:6      | Killed Dowan
  9024 | D:6      | Noticed Duvessa
  9061 | D:6      | Killed Duvessa
  9075 | D:6      | Reached * piety under Dithmenos
  9242 | D:6      | Reached skill level 7 in Long Blades
  9284 | D:6      | Found a white marble altar of Elyvilon.
  9826 | D:6      | Noticed Edmund
  9851 | D:6      | Killed Edmund
  9851 | D:6      | Reached skill level 5 in Charms
 10380 | D:6      | Slain by an orc warrior

Vault maps used:
D:1:      dpeg_arrival_court, st_stairs_3, minmay_pentomino_x2
D:2:      serial_co_window_serial, co_window_paths_b, co_window_paths_b,
          co_window_paths_a, co_window_of_opportunity_a, co_window_paths_a,
          co_window_cross_1, co_window_paths_a, co_window_corner_a,
          co_window_paths_a, co_window_unsneaky_path_b,
          co_window_of_opportunity_c, co_window_corner_cb,
          co_window_of_opportunity_c, co_window_broadway_a,
          co_window_unsneaky_path_b, co_window_broadway_a, glass_columns_a,
          gammafunk_pakellas_statue_experiment
D:3:      overflow_temple_1_default
D:4:      uniq_blork_the_orc
D:5:      wad_woods_stonehenge, minitemple, serial_corexii_hall,
          corexii_hall_statues_x, corexii_hall_statues_x,
          corexii_hall_statues_u, first_bread, hangedman_feature_mirror,
          minmay_misc_feat_plants
D:6:      basic_altar, uniq_duvessa, uniq_edmund

Skill      XL: |  1  2  3  4  5  6  7  8 |
---------------+-------------------------+-----
Charms         | 4 5 |  5.5
Fighting       | 2 3 4 5 6 |  6.3
Long Blades    | 3 4 5 6 7 |  7.8
Hexes          | 2 3 |  3.0
Armour         | |  0.7
Dodging        | |  1.1
Spellcasting   | |  2.0

Action                   |  1- 3 |  4- 6 |  7- 9 || total
-------------------------+-------+-------+-------++-------
Melee: Falchion          |   130 |       |       ||   130
       Bite              |    20 |    32 |    25 ||    77
       Long sword        |    47 |   125 |       ||   172
       Scimitar          |       |   194 |   298 ||   492
 Fire: Shortbow          |       |     7 |    10 ||    17
 Cast: Infusion          |     2 |     3 |     5 ||    10
       Shroud of Golubri |     1 |     2 |     1 ||     4
       Spectral Weapon   |       |       |     1 ||     1
       Repel Missiles    |       |       |     1 ||     1
  Use: Scroll            |     2 |     6 |     5 ||    13
       Potion            |     1 |     1 |     4 ||     6
 Stab: Sleeping          |     1 |     1 |       ||     2
  Eat: Corpse            |     1 |     7 |     8 ||    16
Armor: Leather armour    |    41 |    41 |       ||    82
       Ring mail         |       |    44 |    90 ||   134
Dodge: Dodged            |    94 |   179 |   139 ||   412
       Deflected         |       |       |     6 ||     6
